 Dungeon Crawl Stone Soup version 0.31-a0-232-gb1c03b2570 (webtiles) character file.

Game seed: 5986857459174011950

101 qw the Shooter (level 4, -9/26 HPs)
             Began as a Gargoyle Hexslinger on July 7, 2023.
             Killed by divine providence
             ... invoked by an orc priest
              (11 damage)
             ... on level 3 of the Dungeon.
             The game lasted 00:00:49 (1703 turns).

qw the Shooter (Gargoyle Hexslinger)                Turns: 1703, Time: 00:00:50

Health: -9/26      AC:  8    Str: 11    XL:     4   Next: 75%
Magic:  5/5        EV: 10    Int: 14    God:
Gold:   175        SH:  0    Dex: 14    Spells: 4/5 levels left

rFire   . . .        Y - +1 sling
rCold   . . .        (no shield)
rNeg    + . .        j - +0 ring mail
rPois   inf          (no helmet)
rElec   +            (no cloak)
rCorr   .            (no gloves)
SInv    .            (no boots)
Will    .....        (no amulet)
Stlth   +            (no ring)
HPRegen 0.24/turn    (no ring)
MPRegen 0.09/turn

%: no passive effects
@: about to teleport
A: sickness immunity, AC +3, negative energy resistance 1, electricity
resistance, torment resistance 1, petrification resistance
a: no special abilities


You were on level 3 of the Dungeon.
You visited 1 branch of the dungeon, and saw 3 of its levels.

You collected 175 gold pieces.


Innate Abilities, Weirdness & Mutations

You are immune to sickness and miasma.
Your stone body is resilient. (AC +3)
You are immune to poison.
You resist negative energy. (rN+)
You are resistant to electric shocks. (rElec)
You are resistant to unholy torment.
You are immune to petrification.


   Skills:
 - Level 2.0 Fighting
 - Level 4.3 Ranged Weapons
 + Level 0.7 Armour
 - Level 1.5 Dodging
 - Level 1.0 Spellcasting
 - Level 2.6 Hexes


You had 4 spell levels left.
You knew the following spells:

 Your Spells              Type           Power      Damage    Failure   Level
a - Slow                  Hex            32%        N/A       22%         1

Your spell library contained the following spells:

 Spells                   Type           Power      Damage    Failure   Level
 Inner Flame              Hex/Fire       4%         N/A       73%         3
 Portal Projectile        Hex/Tloc       8%         N/A       73%         3
 Cause Fear               Hex            4%         N/A       91%         4

Inventory:

Hand Weapons
 Y - a +1 sling (weapon)
Armour
 d - the +1 pair of boots of the Worm {-Tele rElec rF++}
   (You found it on level 2 of the Dungeon)

   rF:        It greatly protects you from fire.
   rElec:     It insulates you from electricity.
   -Tele:     It prevents most forms of teleportation.
 j - a +0 ring mail (worn)
Potions
 a - a potion of resistance {unknown}
 b - a potion of brilliance {unknown}
 e - a potion of cancellation {unknown}
 f - a potion of curing
 i - a potion of haste {unknown}

Dungeon Overview and Level Annotations

Branches:
Dungeon (3/15)

Altars:


Message History

The sling bullet hits the orc priest but does no damage.
The orc priest is moderately wounded.
You shoot a sling bullet. The sling bullet hits the orc priest.
The orc priest is severely wounded.
The orc priest looks satisfied for a moment.
The orc priest mumbles some strange prayers to Beogh against you.
Beogh smites you!
You shoot a sling bullet. The sling bullet hits the orc priest.
The orc priest is almost dead.
An orc comes into view. It is wielding a +0 short sword.
The orc priest closely misses you.
You shoot a sling bullet.
The sling bullet closely misses the orc priest.
The orc priest closely misses you.
The orc throws a stone.
The stone closely misses you.
You shoot a sling bullet.
The sling bullet hits the orc priest but does no damage.
The orc priest is almost dead.
The orc priest mumbles some strange prayers to Beogh against you.
Pain shoots through your body! The orc priest misses you.
You shoot a sling bullet.
The sling bullet barely misses the orc priest.
The orc priest closely misses you.
You shoot a sling bullet.
The sling bullet barely misses the orc priest.
You hear a shout!
An orc priest comes into view. It is wielding a +0 flail.
The orc priest hits you with a +0 hand axe.
You hear a shout!
You shoot a sling bullet. The sling bullet hits the orc priest.
The orc priest is almost dead.
The orc hits you with a +0 short sword.
The orc priest hits you with a +0 hand axe. x2
The orc hits you but does no damage.
1703 ||| READING scroll of teleportation.
As you read the scroll of teleportation, it crumbles to dust.
You feel strangely unstable.
The orc priest calls down the wrath of Beogh upon you.
Beogh smites you!
You die...

#..# ..# ..# ..#
#.# .# #.# #.#.
##.####......
.#######o.....#.#
.#
.......o@o.......>.
......).......#.#.
.....<.......#...
.#######.....##.#
##..####.####
#>.........######
##.#....##.......
#.#....#######.#
#.#...##


You could see 2 orc priests and an orc.

Vanquished Creatures
  3 adders
  2 worms
  4 dart slugs
  An orc (D:3)
  2 ball pythons (D:1)
  6 bats
  4 endoplasms
  2 giant cockroaches (D:1)
  5 hobgoblins
  7 kobolds
  4 quokkas
  4 frilled lizards (D:2)
  6 goblins
  9 rats
59 creatures vanquished.

Notes
Turn   | Place    | Note
-------+----------+-------------------------------------------
     0 | D:1      | qw the Gargoyle Hexslinger began the quest for the Orb.
     0 | D:1      | Reached XP level 1. HP: 12/12 MP: 2/2
     0 | D:1      | 0 ||| qw: Version: 0.3-a-46-gb1f654a
     0 | D:1      | 0 ||| qw: Game counter: 2654
     0 | D:1      | 0 ||| qw: Melee chars always use a shield: true
     0 | D:1      | 0 ||| qw: God list: Okawaru
     0 | D:1      | 0 ||| qw: Allow faded altars: false
     0 | D:1      | 0 ||| qw: Do Orc after clearing Dungeon:15 true
     0 | D:1      | 0 ||| qw: Do second Lair branch before Depths: true
     0 | D:1      | 0 ||| qw: Lair rune preference: random
     0 | D:1      | 0 ||| qw: Goals: Normal
     0 | D:1      | 0 ||| PLANNING D:1-11
   142 | D:1      | Reached XP level 2. HP: 16/16 MP: 3/3
   212 | D:1      | Reached skill level 3 in Ranged Weapons
   305 | D:1      | Reached XP level 3. HP: 21/21 MP: 4/4
   704 | D:1      | 704 ||| UPGRADING to +0 leather armour.
   714 | D:1      | 714 ||| DROPPING +0 robe.
   715 | D:1      | 715 ||| READING scroll labelled VIGUBO NOHO.
   716 | D:1      | 716 ||| READING scroll labelled VIECSO OMYE.
   721 | D:1      | 721 ||| READING scroll labelled KAUCSI HESETS.
   722 | D:1      | 722 ||| DRINKING 2 silvery potions.
   723 | D:1      | 723 ||| DROPPING scroll of poison.
   763 | D:2      | 763 ||| STAIRDANCE
   766 | D:1      | HP: 5/21 [worm (2)]
   907 | D:2      | Reached XP level 4. HP: 26/26 MP: 5/5
  1027 | D:2      | Reached skill level 4 in Ranged Weapons
  1166 | D:2      | Identified the +1 pair of boots of the Worm {-Tele rElec
                  | rF++}
  1532 | D:2      | 1532 ||| UPGRADING to +0 ring mail.
  1542 | D:2      | 1542 ||| DROPPING +0 leather armour.
  1543 | D:2      | 1543 ||| READING scroll labelled XEOTWO DEFRIF.
  1544 | D:2      | 1544 ||| READING scroll labelled QAQITU FOSU.
  1702 | D:3      | HP: 6/26 [orc priest/+0 hand axe (3)]
  1702 | D:3      | HP: 2/26 [orc priest/+0 hand axe (4)]
  1703 | D:3      | 1703 ||| READING scroll of teleportation.
  1703 | D:3      | Killed from afar by an orc priest

Levels and vault maps discovered:
D:1:      heliophobic_arrival_battle_scene, layout_loops_ring,
          dreamdust_princess_bridge
D:2:      layout_basic
D:3:      layout_loops_ring, cheibrodos_worm_habitat

Skill      XL: |  1  2  3  4 |
---------------+-------------+-----
Ranged Weapons | 3 4 |  4.3
Fighting       | 2 |  2.0
Armour         | |  0.7
Dodging        | |  1.5
Spellcasting   | |  1.0
Hexes          | |  2.6

Action                     |  1- 3 |  4- 6 || total
---------------------------+-------+-------++-------
   Fire: Sling             |   116 |    93 ||   209
    Use: Scroll            |     3 |     3 ||     6
         Potion            |     1 |       ||     1
 Armour: Robe              |    14 |       ||    14
         Leather armour    |     5 |    16 ||    21
         Ring mail         |       |     1 ||     1
  Dodge: Dodged            |    28 |    27 ||    55

Table legend:
 A = Non-vault XP
 B = Vault XP
 C = Vault XP percentage of total XP
 D = Non-vault monster count
 E = Vault monster count
 F = Vault count percentage of total count
                 A         B        C        D         E       F
            +---------+---------+-------+---------+---------+-------
      Total |     145 |       0 |   0.0 |      59 |       0 |   0.0
            +---------+---------+-------+---------+---------+-------
        D:1 |      77 |       0 |   0.0 |      31 |       0 |   0.0
        D:2 |      56 |       0 |   0.0 |      22 |       0 |   0.0
        D:3 |      12 |       0 |   0.0 |       6 |       0 |   0.0
            +---------+---------+-------+---------+---------+-------
